 Dungeon Crawl Stone Soup version 0.28.0 (webtiles) character file.

Game seed: 1291459752201212992

37 themarg the Grasshopper (level 3, 0/25 HPs)
             Began as a Gnoll Wanderer on Feb 5, 2022.
             Was a Plaything of Xom.
             Killed from afar by Sigmund (6 damage)
             ... with a magic dart
             ... on level 2 of the Dungeon.
             The game lasted 00:08:25 (1780 turns).

themarg the Grasshopper (Gnoll Wanderer)            Turns: 1780, Time: 00:08:26

Health: 0/25       AC:  6    Str: 13    XL:     3   Next: 39%
Magic:  7/7        EV: 11    Int: 11    God:    Xom [*.....]
Gold:   98         SH:  0    Dex: 11    Spells: 6/7 levels left

rFire   . . .      SeeInvis .   i - +0 flail
rCold   . . .      Faith    .   (no shield)
rNeg    . . .      Spirit   .   f - +0 ring mail
rPois   .          Reflect  .   c - +0 helmet
rElec   .          Harm     .   (no cloak)
rCorr   .          Rampage  .   (no gloves)
Will    .....                   (no boots)
Stlth   +.........              (no amulet)
HPRegen 0.08/turn               (no ring)
MPRegen 0.10/turn               (no ring)

@: no status effects
A: fangs 1, strong nose, distributed training, frail 1
a: Renounce Religion


You were on level 2 of the Dungeon.
You worshipped Xom.
You were a special plaything of Xom.
You visited 1 branch of the dungeon, and saw 2 of its levels.

You collected 98 gold pieces.

Inventory:

Hand Weapons
 a - a +0 hand crossbow
 i - a +0 flail (weapon)
Missiles
 b - 56 bolts
Armour
 c - a +0 helmet (worn)
 d - a +0 robe
 f - a +0 ring mail (worn)
Magical Staves
 j - a staff of fire
Scrolls
 e - a scroll of immolation {unknown}
 g - a scroll of holy word {unknown}
 h - a scroll of fear {unknown}
Potions
 l - a potion of heal wounds {unknown}


   Skills:
 + Level 2.6 Fighting
 + Level 0.7 Short Blades
 + Level 0.7 Long Blades
 + Level 0.7 Axes
 + Level 0.7 Maces & Flails
 + Level 0.7 Polearms
 + Level 0.7 Staves
 + Level 0.7 Slings
 + Level 0.7 Bows
 + Level 2.6 Crossbows
 + Level 0.7 Throwing
 + Level 2.6 Armour
 + Level 2.6 Dodging
 + Level 2.3 Stealth
 + Level 0.7 Shields
 + Level 0.7 Unarmed Combat
 + Level 2.8 Spellcasting
 + Level 0.5 Conjurations
 + Level 0.5 Hexes
 + Level 0.5 Summonings
 + Level 0.5 Necromancy
 + Level 5.4 Translocations
 + Level 0.5 Transmutations
 + Level 0.5 Fire Magic
 + Level 0.5 Ice Magic
 + Level 0.5 Air Magic
 + Level 0.5 Earth Magic
 + Level 0.5 Poison Magic
 + Level 0.9 Invocations
 + Level 2.6 Evocations


You had 6 spell levels left.
You knew the following spells:

 Your Spells              Type           Power      Damage    Failure   Level
a - Apportation           Tloc           26%        N/A       6%          1

Your spell library contained the following spells:

 Spells                   Type           Power      Damage    Failure   Level
 Lesser Beckoning         Tloc           13%        N/A       19%         3
 Conjure Flame            Conj/Fire      2%         6-21      80%         3
 Ignite Poison            Fire/Tmut/Pois 2%         N/A       80%         3
 Iskenderun's Mystic Bla  Conj/Tloc      8%         2d4       85%         4
 Sticky Flame             Conj/Fire      2%         2d3       99%         4


Dungeon Overview and Level Annotations

Branches:
Dungeon (2/15)

Altars:
Xom

Annotations:
D:2 Sigmund


Innate Abilities, Weirdness & Mutations

You have very sharp teeth.
Your uncanny sense of smell can sniff out nearby items.
Your experience applies equally to all skills.
You are frail. (-10% HP)


Message History

The gnoll closely misses you. The gnoll misses you.
You barely miss the gnoll.
The gnoll is moderately wounded.
The gnoll hits you with a +0 spear!
You barely miss the gnoll. You bite the gnoll, but do no damage.
The gnoll is moderately wounded.
The gnoll closely misses you. The gnoll hits you but does no damage.
The gnoll barely misses you. "How about this?"
A monocle briefly appears over your right eye.
Sigmund the Dreaded comes into view.
He is wielding a +0 scythe.
Sigmund shouts!
Sigmund gestures at you while chanting. The puff of flame hits you.
Sigmund gestures at you while chanting. The magic dart hits you.
* * * LOW HITPOINT WARNING * * *
The ball python hisses angrily.
Sigmund smiles chillingly.
Sigmund gestures wildly while chanting.
Sigmund flickers and vanishes!
Deactivating autopickup; reactivate with Ctrl-A.
Xom twists space around you.
Your surroundings suddenly seem different.
Your surroundings suddenly seem different.
Your surroundings suddenly seem different.
Your surroundings suddenly seem different.
Your surroundings suddenly seem different.
Your surroundings suddenly seem different.
A bat comes into view.
Your surroundings suddenly seem different.
Your surroundings suddenly seem different.
Your surroundings suddenly seem different.
The bat moves out of view.
You start resting.
You hear a shout!
You hear an angry hiss.
A magic dart appears from out of thin air!
The magic dart hits you.
You die... "I guess I need a new plaything now."

#.#####.#.###..........#S.#..#
#......S....#.........##.###.##
#######.###.#.......###..#(#..###
#..####.....####...##.##...#
#...# #.#####....###..(###..
#..####.......####...⌠...###
##.###.######....###...###..
##....# #######...##.##...#
########.#.###.@...# #..#.#..###
...........##....### #.#.#.###
.#######...{.....# #.....#.#
######...## ##...##.# # ##.## ##
#)).##.# # #. #.. #...##.# #. #.#
##.###.# #. #.# #)# #.# #.####.#
#.#


There were no monsters in sight!

Vanquished Creatures
  An adder (D:2)
  3 endoplasms
  2 giant cockroaches
  A goblin (D:2)
  4 hobgoblins
  2 quokkas (D:1)
  5 ball pythons
  2 bats
  2 frilled lizards
  A kobold (D:1)
  3 rats (D:1)
26 creatures vanquished.

Notes
Turn   | Place    | Note
-------+----------+-------------------------------------------
     0 | D:1      | themarg the Gnoll Wanderer began the quest for the Orb.
     0 | D:1      | themarg set off with the following items: a +0 hand
                  | crossbow, 23 bolts, a +0 helmet, a +0 robe; and the
                  | following spell memorised: Apportation; and the following
                  | spells available to memorise: Lesser Beckoning,
                  | Iskenderun's Mystic Blast
     0 | D:1      | Reached XP level 1. HP: 17/17 MP: 4/4
    45 | D:1      | Found a faded altar of an unknown god.
   367 | D:1      | Reached XP level 2. HP: 23/23 MP: 5/5
  1122 | D:1      | Prayed at the altar of an unknown god.
  1122 | D:1      | Became a worshipper of Xom of Chaos
  1363 | D:2      | Reached XP level 3. HP: 12/28 MP: 7/7
  1496 | D:2      | XOM: divination: detect creatures
  1537 | D:2      | XOM: torment (13/28 hp)
  1657 | D:2      | XOM: give mutation
  1657 | D:2      | Gained mutation: You are frail. (-10% HP) [Xom's mischief]
  1693 | D:2      | XOM: 3-stop teleportation journey
  1738 | D:2      | XOM: silly message
  1742 | D:2      | Noticed Sigmund
  1748 | D:2      | XOM: 9-stop teleportation journey
  1780 | D:2      | Killed from afar by Sigmund

Illustrated notes

Levels and vault maps discovered:
D:1:      dpeg_arrival_leaves_temple_mockup, layout_loops_ring,
          shapermc_ecumenical_altar_flowoftime
D:2:      minmay_general_purpose_star, layout_loops_ring, basic_altar,
          uniq_sigmund

Action                   || total
-------------------------++-------
Melee: Flail             ||    53
       Bite              ||     7
       Punch             ||     1
 Fire: Hand crossbow     ||    34
  Use: Potion            ||     3
Armor: Robe              ||     2
       Ring mail         ||    24
Dodge: Dodged            ||    51
